Map: Eastwatch LE

Players

Has

  • Race: Protoss Protoss

Serral - Winner!

  • Race: Zerg Zerg

Event: WESG 2017 Haikou

VOD

Have the link to the VOD?

Description

Time

  • Played on: March 13, 2018, 3:50 a.m.
  • Length: 10:38

All games in this series

Show
View Real Time Build Order
Export as new Build Order

Has Protoss 

Build Orders: Nexus First 

Get SALT Encoding   

  12  0:00  Probe  
  13  0:13  Probe  
  14  0:17  Pylon  
  14  0:25  Probe (Chrono Boost)  
  15  0:37  Probe (Chrono Boost)  
  16  0:43  Probe (Chrono Boost)  
  17  0:58  Nexus  
  17  1:02  Probe (Chrono Boost)  
  19  1:11  Probe (Chrono Boost)  
  19  1:16  Probe (Chrono Boost), Gateway  
  20  1:28  Probe  
  20  1:30  Assimilator  
  20  1:31  Assimilator  
  21  1:40  Probe  
  21  1:44  Gateway  
  22  1:51  Pylon  
  22  1:52  Probe  
  23  2:04  Cybernetics Core  
  23  2:09  Probe (Chrono Boost)  
  23  2:13  Probe (Chrono Boost)  
  25  2:19  Probe (Chrono Boost)  
  25  2:21  Probe (Chrono Boost)  
  27  2:25  Probe (Chrono Boost)  
  27  2:26  Probe (Chrono Boost)  
  29  2:36  Probe  
  30  2:38  Probe  
  30  2:41  Adept x2  
  30  2:42  Warp Gate  
  35  2:48  Probe  
  35  2:50  Probe  
  37  2:58  Pylon  
  36  3:02  Probe (Chrono Boost)  
  36  3:04  Probe (Chrono Boost)  
  38  3:08  Sentry x2  
  38  3:12  Probe (Chrono Boost)  
  44  3:15  Probe (Chrono Boost)  
  44  3:20  Probe  
  44  3:24  Nexus  
  45  3:28  Probe  
  45  3:30  Shield Battery  
  45  3:33  Probe  
  47  3:40  Probe  
  48  3:42  Shield Battery  
  48  3:47  Probe  
  49  3:53  Twilight Council  
  49  3:57  Robotics Facility  
  49  4:03  Probe, Assimilator  
  49  4:09  Gateway x2  
  50  4:20  Gateway  
  50  4:21  Gateway x2  
  50  4:24  Resonating Glaives (Chrono Boost)  
  50  4:31  Gateway  
  50  4:35  Pylon  
  53  4:39  Immortal (Chrono Boost)  
  53  4:41  Pylon  
  54  4:49  Sentry x2  
  58  4:54  Probe x2  
  58  4:55  Probe  
  61  5:03  Pylon  
  61  5:08  Probe  
  61  5:10  Adept x2, Warp Prism (Chrono Boost)  
  67  5:25  Adept x2  
  67  5:27  Adept x3  
  77  5:36  Adept  
  77  5:37  Adept x2  
  83  5:50  Pylon  
  83  5:51  Pylon  
  83  6:10  Adept x8  
  99  6:31  Adept x7  
  109  6:35  Probe x2, Warp Prism (Chrono Boost)  
  109  6:39  Probe  
  90  6:47  Probe x2, Assimilator  
  90  6:49  Assimilator  
  90  6:51  Probe  
  90  6:52  Adept x2  
  90  6:53  Adept x3, Sentry x3  
  95  6:59  Probe x2  
  97  7:01  Immortal (Chrono Boost)  
  97  7:03  Probe, Pylon x2  
  102  7:15  Pylon x2  
  102  7:18  Pylon  
  102  7:19  Probe x2  
  100  7:33  Adept x7  
  103  7:39  Sentry  
  103  7:43  Immortal (Chrono Boost)  
  91  7:56  Adept x4  
  93  8:03  Sentry x2  
  85  8:07  Adept x2  
  89  8:17  Adept x4  
  101  8:27  Adept x4  
  109  8:37  Pylon  
  109  8:38  Immortal (Chrono Boost)  
  107  8:49  Adept x7  
  115  8:59  Sentry  
  117  9:10  Adept x5  
  117  9:11  Adept x2  
  117  9:16  Pylon  
  131  9:18  Pylon  
  129  9:34  Observer (Chrono Boost)  
  130  9:38  Sentry x2  
  130  9:39  Sentry  
  130  9:41  Adept x4  
  144  9:47  Adept  
  144  9:49  Probe  
  144  9:50  Probe x2  
  135  10:02  Probe x2  
  135  10:04  Adept x5  
  135  10:05  Sentry x2  
  151  10:07  Probe  
  151  10:14  Probe  
  129  10:24  Adept x2  
  129  10:25  Adept x4  
Show
View Real Time Build Order
Export as new Build Order

Serral Zerg - Winner!

Build Orders: Hatch First 

Get SALT Encoding   

  12  0:01  Drone  
  13  0:12  Overlord  
  13  0:17  Drone  
  14  0:30  Drone x2  
  16  0:48  Hatchery  
  15  0:52  Drone  
  15  0:55  Drone  
  17  1:11  Spawning Pool  
  16  1:12  Extractor  
  16  1:14  Drone  
  16  1:17  Drone  
  17  1:21  Drone  
  18  1:29  Drone  
  19  1:38  Overlord  
  19  1:50  Drone  
  20  1:57  Queen  
  20  1:59  Queen  
  20  2:00  Zergling x2  
  25  2:02  Drone  
  26  2:11  Metabolic Boost  
  26  2:14  Drone  
  27  2:15  Drone  
  27  2:22  Drone x2  
  30  2:32  Drone x2  
  32  2:43  Hatchery  
  31  2:49  Queen  
  33  2:53  Overlord  
  33  2:56  Drone  
  34  3:00  Drone x2  
  37  3:12  Drone  
  37  3:13  Drone, Zergling x4  
  37  3:16  Overlord  
  40  3:23  Zergling x2  
  40  3:25  Queen  
  40  3:26  Zergling x2  
  44  3:35  Overlord  
  44  3:37  Drone x3  
  44  3:39  Spore Crawler  
  46  3:43  Zergling x2  
  47  3:48  Drone x2  
  47  3:54  Queen  
  47  3:55  Drone  
  52  3:58  Lair  
  52  3:59  Drone x2  
  54  4:08  Roach Warren  
  54  4:09  Drone x2  
  55  4:10  Drone  
  55  4:14  Drone x2  
  55  4:15  Drone  
  58  4:18  Overlord  
  58  4:23  Extractor  
  57  4:24  Extractor  
  57  4:25  Overlord  
  57  4:27  Drone x2  
  58  4:35  Overlord  
  58  4:36  Drone x4  
  58  4:38  Drone  
  63  4:40  Drone  
  63  4:41  Drone  
  63  4:45  Overlord  
  65  4:48  Drone  
  65  4:50  Evolution Chamber  
  64  4:53  Drone x3  
  64  4:56  Glial Reconstitution  
  64  4:58  Drone  
  68  5:01  Overlord  
  68  5:06  Overseer  
  68  5:08  Drone x4  
  68  5:09  Extractor  
  68  5:11  Extractor, Drone  
  68  5:12  Drone  
  72  5:20  Drone x4  
  76  5:21  Drone  
  76  5:22  Drone  
  76  5:27  Roach x2  
  82  5:30  Roach  
  82  5:32  Roach x2  
  87  5:38  Roach  
  87  5:40  Overlord x2  
  88  5:43  Baneling Nest, Roach  
  89  5:50  Roach x4  
  98  5:57  Overlord  
  98  5:58  Overlord  
  98  5:59  Roach x2  
  98  6:02  Spine Crawler, Ravager x4  
  98  6:03  Roach  
  107  6:04  Roach  
  107  6:09  Spine Crawler  
  108  6:11  Roach x2  
  108  6:12  Roach  
  114  6:19  Roach x5  
  127  6:25  Roach x3  
  127  6:26  Roach  
  116  6:33  Roach x4  
  116  6:36  Queen  
  117  6:41  Roach  
  117  6:42  Roach  
  121  6:58  Hatchery  
  121  6:59  Baneling Nest  
  117  7:03  Drone x4  
  121  7:09  Ravager x3  
  121  7:13  Overlord x2  
  124  7:16  Zerg Melee Weapons Level 1, Hatchery  
  123  7:27  Roach  
  121  7:31  Roach x2, Zergling x2  
  121  7:32  Roach  
  121  7:36  Zergling x2  
  121  7:37  Zergling x2  
  116  7:47  Centrifical Hooks  
  116  7:48  Ravager, Zergling x10  
  122  7:55  Pneumatized Carapace  
  118  8:01  Roach x3, Zergling x4  
  124  8:09  Zergling x2  
  124  8:10  Queen  
  127  8:13  Zergling x4  
  129  8:20  Baneling x5  
  129  8:22  Baneling x5  
  129  8:23  Drone x3  
  132  8:30  Drone x2  
  132  8:31  Drone  
  132  8:33  Queen  
  137  8:34  Drone x2  
  137  8:35  Zergling x6  
  139  8:41  Zergling x6  
  139  8:46  Zergling x2  
  142  8:51  Drone x2  
  142  8:55  Zergling x4  
  142  8:59  Roach x4  
  150  9:07  Overlord x5, Zergling x2  
  151  9:18  Baneling x3  
  151  9:19  Baneling x3  
  151  9:20  Overlord  
  151  9:24  Hatchery  
  149  9:28  Zergling x24  
  160  9:31  Baneling x11  
  160  9:32  Baneling x7  
  160  9:35  Ravager x3  
  160  9:37  Baneling  
  160  9:38  Baneling  
  163  9:39  Baneling  
  163  9:46  Zergling x20  
  170  9:56  Ravager  
  170  9:58  Baneling x7  
  171  10:00  Zergling x18  
  171  10:03  Baneling  
  171  10:04  Baneling x2  
  179  10:11  Zergling x14  
  182  10:19  Zergling x8  
Tags
 
Add a new tag
Caveats
  • Supply blocks, unpowered buildings, or Contaminate may cause inaccurate times.
  • Supply counts are checked every 10 seconds.